 Dungeon Crawl Stone Soup version 0.29.1-4-g47bece8355 (webtiles) character file.

Game seed: 15324522378554466916

154 GigaChad the Shield-Bearer (level 5, -1/47 HPs)
             Began as a Minotaur Fighter on Dec 3, 2022.
             Slain by a gnoll
             ... wielding a +0 spear
              (3 damage)
             ... on level 3 of the Dungeon.
             The game lasted 00:03:05 (2311 turns).

GigaChad the Shield-Bearer (Minotaur Fighter)       Turns: 2311, Time: 00:03:06

Health: -1/47      AC:  7    Str: 22    XL:     5   Next: 13%
Magic:  4/4        EV:  9    Int:  5    God:
Gold:   115        SH:  4    Dex: 10    Spells: 4/4 levels left

rFire   . . .      SeeInvis .   a - +0 war axe
rCold   . . .      Faith    .   c - +0 buckler
rNeg    . . .      Spirit   .   b - +0 scale mail
rPois   .          Reflect  .   (helmet restricted)
rElec   .          Harm     .   (no cloak)
rCorr   .          Rampage  .   (no gloves)
Will    .....                   (no boots)
Stlth   ..........              (no amulet)
HPRegen 0.15/turn               (no ring)
MPRegen 0.09/turn               (no ring)

@: no status effects
A: horns 2, retaliatory headbutt
a: no special abilities


You were on level 3 of the Dungeon.
You visited 1 branch of the dungeon, and saw 3 of its levels.

You collected 115 gold pieces.

Inventory:

Hand Weapons
 a - a +0 war axe (weapon)
Armour
 b - a +0 scale mail (worn)
 c - a +0 buckler (worn)
Jewellery
 m - a ring of willpower
Scrolls
 g - a scroll of amnesia {unknown}
 h - 3 scrolls of enchant weapon {unknown}
 i - 2 scrolls of enchant armour {unknown}
 j - a scroll of butterflies {unknown}
 n - a scroll of poison {unknown}
 o - 3 scrolls of identify {unknown}
 p - a scroll of fear {unknown}
Potions
 d - 2 potions of might
 e - a potion of haste {unknown}
 f - 2 potions of mutation {unknown}
 k - 3 potions of curing {unknown}
 l - 2 potions of resistance {unknown}
 q - a potion of brilliance {unknown}
 r - a potion of attraction {unknown}


   Skills:
 + Level 4.3 Fighting
 + Level 4.3 Axes
 + Level 4.4 Armour
 + Level 1.1 Dodging
 + Level 0.1 Stealth
 + Level 4.5 Shields


You had 4 spell levels left.
You didn't know any spells.
Your spell library contained the following spells:

 Spells                   Type           Power      Damage    Failure   Level
 Anguish                  Hex/Necr       0%         N/A       100%        4
 Enfeeble                 Hex            0%         N/A       100%        7


Dungeon Overview and Level Annotations

Branches:
Dungeon (3/15)

Altars:

Annotations:
D:3 2 transporters, Sambug2000's ghost, amateur HOFi


Innate Abilities, Weirdness & Mutations

You have a pair of horns on your head.
You reflexively headbutt those who attack you in melee.


Message History

There is a stone staircase leading down here.
You see here 6 stones.
There is an open door here.
Things that are here:
a +0 club; 2 stones 2 gnolls come into view.
The gnoll shouts!
There are monsters nearby!
A gnoll comes into view. It is wielding a +0 spear.
A gnoll comes into view. It is wielding a +0 whip.
The gnoll shouts!
The gnoll hits you but does no damage.
Found a stone staircase leading down.
The gnoll closely misses you. The gnoll hits you with a +0 whip.
The gnoll completely misses you. The gnoll hits you with a +0 halberd!
You slash the gnoll! Your headbutt misses the gnoll.
The gnoll is severely wounded.
You barely miss the gnoll. x2
The gnoll hits you from afar with a +0 spear.
The gnoll hits you with a +0 whip. The gnoll closely misses you.
You furiously retaliate!
You headbutt the gnoll!
You kill the gnoll!
The gnoll hits you with a +0 halberd!
You have reached level 5!
You slash the gnoll!
You kill the gnoll!
You barely miss the gnoll. The gnoll misses you. The gnoll barely misses you.
The gnoll hits you with a +0 halberd!
* * * LOW HITPOINT WARNING * * *
You block the gnoll's attack.
You closely miss the gnoll. You block the gnoll's attack.
The gnoll hits you with a +0 halberd.
* * * LOW HITPOINT WARNING * * *
The gnoll hits you with a +0 halberd.
* * * LOW HITPOINT WARNING * * *
The gnoll barely misses you.
You see here a +0 whip.
The gnoll barely misses you. The gnoll closely misses you.
You barely miss the gnoll. x2; The gnoll hits you with a +0 spear.
You die...

######## #......#
#......# #### #......#
#.#...#########......#
#>....g@g)...........###
#......).........)...'..
###...########.......#..
#... #.......#.. #..
##..#####.. #..
##....#### #. ####.# #
.. ###.#### #.......


You could see 2 gnolls.

Vanquished Creatures
  4 adders
  6 gnolls
  2 dart slugs
  5 ball pythons
  6 endoplasms
  2 giant cockroaches
  8 hobgoblins
  5 kobolds
  3 quokkas
  9 bats
  7 frilled lizards (D:1)
  4 rats
61 creatures vanquished.

Vanquished Creatures (others)
  2 plants (D:1)
2 creatures vanquished.

Grand Total: 63 creatures vanquished

Notes
Turn   | Place    | Note
-------+----------+-------------------------------------------
     0 | D:1      | GigaChad the Minotaur Fighter began the quest for the Orb.
     0 | D:1      | Reached XP level 1. HP: 19/19 MP: 0/0
   195 | D:1      | Reached XP level 2. HP: 27/27 MP: 1/1
   366 | D:1      | Reached XP level 3. HP: 32/32 MP: 2/2
  1010 | D:2      | Found a faded altar of an unknown god.
  1305 | D:2      | Reached XP level 4. HP: 40/40 MP: 3/3
  1768 | D:3      | Reached skill level 1 in Dodging
  1888 | D:3      | Found a transporter.
  1888 | D:3      | Noticed Sambug2000's ghost (amateur HOFi)
  1894 | D:3      | Noticed an ogre
  1906 | D:3      | Found a transporter.
  2307 | D:3      | Reached XP level 5. HP: 20/47 MP: 4/4
  2309 | D:3      | HP: 2/47 [gnoll/+0 halberd (4)]
  2311 | D:3      | Slain by a gnoll

Illustrated notes

Levels and vault maps discovered:
D:1:      dpeg_arrival_brainrot, layout_loops_ring, wad_woods_river_04
D:2:      layout_rooms, serial_glass, glass_columns_b, glass_columns_a,
          glass_columns_a, glass_columns_c, glass_columns_a, glass_columns_a,
          glass_columns_a, glass_columns_b, shapermc_ecumenical_altar_acropolis
D:3:      layout_basic, lemuel_tele_altar, gammafunk_ghost_arena

Skill      XL: |  1  2  3  4 |
---------------+-------------+-----
Shields        | 4 |  4.5
Fighting       | 4 |  4.3
Armour         | 4 |  4.4
Axes           | 3 4 |  4.3
Dodging        | 1 |  1.1
Stealth        | |  0.1

Action                   |  1- 3 |  4- 6 || total
-------------------------+-------+-------++-------
Melee: War axe           |    82 |    42 ||   124
       Headbutt          |    11 |     6 ||    17
Armor: Scale mail        |    67 |    25 ||    92
Dodge: Dodged            |    60 |    29 ||    89
Block: Buckler           |    20 |    12 ||    32
